 Dungeon Crawl Stone Soup version 0.21.1-1-g345015fe64 (webtiles) character file.

499 Naru the Chopper (level 6, -7/85 HPs)
             Began as a Minotaur Berserker on June 14, 2018.
             Was a Believer of Trog.
             Mangled by an ogre
             ... wielding a +0 giant spiked club
              (11 damage)
             ... on level 3 of the Dungeon.
             The game lasted 00:03:58 (3390 turns).

Naru the Chopper (Minotaur Berserker)               Turns: 3390, Time: 00:03:58

Health: -7/85      AC:  9    Str: 26    XL:     6   Next: 94%
Magic:  5/5        EV:  7    Int:  4    God:    Trog [**....]
Gold:   170        SH: 18    Dex: 12    Spells: 5/5 levels left

rFire    . . .     SeeInvis .   a - +0 hand axe
rCold    . . .     Gourm    .   p - +0 large shield
rNeg     . . .     Faith    .   f - +0 ring mail
rPois    .         Spirit   .   (helmet restricted)
rElec    .         Reflect  +   (no cloak)
rCorr    .         Harm     .   v - +2 pair of gloves
MR       .....                  (no boots)
Stlth    ..........             t - +5 amulet of reflection
HPRegen  0.24/turn              u - ring of stealth
MPRegen  0.09/turn              (no ring)

@: berserking, very quick
A: retaliatory headbutt, horns 2
a: Berserk, Trog's Hand, Burn Spellbooks, Renounce Religion


You were on level 3 of the Dungeon.
You worshipped Trog.
Trog was pleased with you.
You were not hungry.

You visited 1 branch of the dungeon, and saw 3 of its levels.

You collected 170 gold pieces.

Inventory:

Hand Weapons
 a - a +0 hand axe (weapon)
Armour
 f - a +0 ring mail (worn)
 p - a +0 large shield (worn)
 v - a +2 pair of gloves (worn)
Jewellery
 b - an uncursed amulet of rage
 t - a +5 amulet of reflection (around neck)
 u - a ring of stealth (left hand)
Scrolls
 d - 2 scrolls of teleportation {unknown}
 g - 4 scrolls of identify {unknown}
 h - 2 scrolls of remove curse {unknown}
 j - 2 scrolls of fog {unknown}
 l - a scroll of immolation {unknown}
 o - a scroll of enchant armour {unknown}
 r - a scroll of enchant weapon {unknown}
Potions
 e - 3 potions of curing {unknown}
 i - 2 potions of ambrosia {unknown}
 k - a potion of mutation {unknown}
 m - a potion of flight {unknown}
 q - a potion of heal wounds {unknown}
 s - a potion of degeneration {unknown}
Books
 n - a book of Callings

   Spells                             Type                      Level
   a - Summon Small Mammal            Summoning                    1
   b - Call Imp                       Summoning                    2
   c - Call Canine Familiar           Summoning                    3
   d - Summon Guardian Golem          Hexes/Summoning              3
   e - Summon Lightning Spire         Summoning/Air                4
   f - Summon Ice Beast               Ice/Summoning                4
   Trog disapproves of the use of such an item.
Comestibles
 c - 6 rations


   Skills:
 * Level 5.7 Fighting
 * Level 6.8 Axes
 + Level 4.2 Armour
 + Level 3.1 Dodging
 + Level 0.6 Stealth
 * Level 1.2 Shields


You had 5 spell levels left.
You didn't know any spells.

Dungeon Overview and Level Annotations

Branches:
Dungeon (3/15)

Altars:
Dithmenos
Makhleb
Nemelex Xobeh
Okawaru
Ru
Zin
The Shining One


Innate Abilities, Weirdness & Mutations

You reflexively headbutt those who attack you in melee.
You have a pair of horns on your head.


Message History

You hit the ogre.
The ogre is severely wounded.
You block the ogre's attack.
You hit the ogre.
The ogre is severely wounded.
You block the ogre's attack.
You slash the ogre!
The ogre is almost dead.
You barely miss the ogre. Your headbutt misses the ogre.
The ogre is almost dead.
The ogre closely misses you.
You closely miss the ogre.
The ogre is almost dead.
The ogre hits you with a giant spiked club!!
* * * LOW HITPOINT WARNING * * *
Okay, then.
A red film seems to cover your vision as you go berserk!
You feel yourself moving faster!
You feel mighty!
You feel a lot more hungry.
The ogre hits you with a giant spiked club!
You die...

######### ........#
########## ........#
#........# ........#
#........# .......O#
#........# .......@#
#........# .........#
####........# ...>....!#
#.......†...# .........#
#...........# .........#
#...........#
.........###...........#
.........#......########
.........#......#
######'##......# #


You could see an ogre.

Vanquished Creatures
  Sigmund (D:2)
  The ghost of aloneDruid the Grasshopper, an amateur GnWr (D:3)
  A crimson imp (D:3)
  A hound (D:3)
  Jessica (D:2)
  A gnoll (D:3)
  4 adders
  An ooze (D:3)
  2 dart slugs (D:1)
  4 leopard geckos
  2 orcs (D:3)
  10 goblins
  3 hobgoblins
  A quokka (D:2)
  A ball python (D:3)
  10 bats
  2 frilled lizards (D:1)
  9 kobolds
  4 rats
59 creatures vanquished.

Notes
Turn   | Place    | Note
-------+----------+-------------------------------------------
     0 | D:1      | Naru the Minotaur Berserker began the quest for the Orb.
     0 | D:1      | Reached XP level 1. HP: 19/19 MP: 0/0
   266 | D:1      | Reached skill level 4 in Axes
   266 | D:1      | Reached XP level 2. HP: 25/27 MP: 1/1
   842 | D:2      | Reached XP level 3. HP: 27/34 MP: 2/2
  1248 | D:2      | Noticed Sigmund
  1256 | D:2      | Noticed Jessica
  1256 | D:2      | Killed Sigmund
  1256 | D:2      | Reached ** piety under Trog
  1256 | D:2      | Reached skill level 5 in Fighting
  1256 | D:2      | Reached skill level 5 in Axes
  1256 | D:2      | Reached XP level 4. HP: 42/42 MP: 3/3
  1256 | D:2      | Reached XP level 5. HP: 48/48 MP: 4/4
  1261 | D:2      | Killed Jessica
  1421 | D:2      | Reached skill level 6 in Axes
  1939 | D:3      | Found a glowing golden altar of the Shining One.
  2007 | D:3      | Reached XP level 6. HP: 51/56 MP: 5/5
  2186 | D:3      | Noticed aloneDruid's ghost (amateur GnWr)
  2197 | D:3      | Killed aloneDruid's ghost
  2197 | D:3      | Reached skill level 1 in Shields
  2442 | D:3      | Found a burning altar of Makhleb.
  2637 | D:3      | Found an iron altar of Okawaru.
  2641 | D:3      | Found a sparkling altar of Nemelex Xobeh.
  2641 | D:3      | Found a glowing silver altar of Zin.
  2649 | D:3      | Found a sacrificial altar of Ru.
  2652 | D:3      | Found a shadowy altar of Dithmenos.
  3390 | D:3      | Mangled by an ogre

Skill      XL: |  1  2  3  4  5  6 |
---------------+-------------------+-----
Fighting       | 4 5 |  5.7
Axes           | 4 5 6 |  6.8
Armour         | 3 4 |  4.2
Dodging        | 3 |  3.1
Shields        | 1 |  1.2
Stealth        | |  0.6

Action                   |  1- 3 |  4- 6 || total
-------------------------+-------+-------++-------
Melee: Hand axe          |    64 |   120 ||   184
       Headbutt          |    10 |    16 ||    26
Invok: Berserk           |     1 |     1 ||     2
 Stab: Sleeping          |       |     1 ||     1
  Eat: Ration            |     1 |     2 ||     3
Armor: Animal skin       |     4 |       ||     4
       Ring mail         |    12 |    34 ||    46
Dodge: Dodged            |    38 |    48 ||    86
Block: Large shield      |       |    41 ||    41
